 Dungeon Crawl Stone Soup version 0.22-a0-368-g870eee8 (webtiles) character file.

7 dstrtnsr the Vexing (level 2, 0/26 HPs)
             Began as an Ogre Enchanter on Apr 23, 2018.
             Slain by a jackal (2 damage)
             ... on level 1 of the Dungeon.
             The game lasted 00:01:27 (252 turns).

dstrtnsr the Vexing (Ogre Enchanter)                 Turns: 252, Time: 00:01:28

Health: 0/26       AC:  3    Str: 11    XL:     2   Next: 4%
Magic:  1/5        EV: 10    Int: 16    God:
Gold:   53         SH:  0    Dex:  9    Spells: 5/6 levels left

rFire    . . .     SeeInvis .   a - +1 dagger
rCold    . . .     Gourm    .   (no shield)
rNeg     . . .     Faith    .   b - +0 robe
rPois    .         Spirit   .   (helmet restricted)
rElec    .         Reflect  .   (no cloak)
rCorr    .         Harm     .   (gloves unavailable)
MR       .....                  (boots unavailable)
Stlth    ++........             (no amulet)
HPRegen  0.08/turn              (no ring)
MPRegen  0.09/turn              (no ring)

@: no status effects
A: large, unfitting armour, tough skin 1
a: no special abilities


You were on level 1 of the Dungeon.
You were not hungry.

You visited 1 branch of the dungeon, and saw 1 of its levels.

You collected 53 gold pieces.

Inventory:

Hand Weapons
 a - a +1 dagger (weapon)
Armour
 b - a +0 robe (worn)
Scrolls
 c - a scroll of remove curse {unknown}
 f - a scroll of enchant armour {unknown}
Potions
 e - a potion of berserk rage {unknown}
Comestibles
 d - 2 rations {!d}


   Skills:
 + Level 0.8 Fighting
 - Level 1.0 Short Blades
 - Level 1.7 Dodging
 - Level 2.1 Stealth
 * Level 0.8 Unarmed Combat
 + Level 2.6 Spellcasting
 - Level 2.6 Hexes


You had 5 spell levels left.
You knew the following spells:

 Your Spells              Type           Power        Failure   Level  Hunger
a - Corona                Hex            ##.....      6%          1    #......


Dungeon Overview and Level Annotations

Branches:
Dungeon (1/15)

Altars:


Innate Abilities, Weirdness & Mutations

You are too large for most types of armour.
You have tough skin. (AC +1)


Message History

The ball python bites you but does no damage.
Casting: Corona (safe; 7% risk of failure)
Confirm with . or Enter, or press ? or * to list all spells.
Aiming: Corona (safe; 7% risk of failure)
Press: ? - help, Shift-Dir - straight line, f - ball python
Aim: a ball python (chance to defeat MR: 63%)
The ball python is outlined in light.
The ball python misses you.
You hit the ball python.
You kill the ball python!
The jackal bites you.
Damage: -6%(-1hp) hp: 78%(14hp)
You barely miss the jackal.
The jackal bites you but does no damage.
You hit the jackal.
The jackal is moderately wounded.
The jackal bites you. The jackal misses you.
Damage: -5%(-1hp) hp: 73%(13hp) Unknown command.
Casting: Corona (safe; 7% risk of failure)
Confirm with . or Enter, or press ? or * to list all spells.
Aiming: Corona (safe; 7% risk of failure)
Press: ? - help, Shift-Dir - straight line, f - jackal
Aim: a jackal (moderately wounded, chance to defeat MR: 63%)
The jackal is outlined in light.
The jackal bites you.
Damage: -6%(-1hp) hp: 67%(12hp) Unknown command.
You hit the jackal.
The jackal is heavily wounded.
The jackal bites you.
* * * LOW HITPOINT WARNING * * *
Huge Dmg: -17%(-3hp) hp: 50%(9hp) Unknown command.
You are too injured to fight recklessly!
Unknown command.
You are too injured to fight recklessly!
You are too injured to fight recklessly!
You hit the jackal.
You kill the jackal!
You have reached level 2!
The jackal bites you but does no damage.
Casting: Corona (safe; 6% risk of failure)
Confirm with . or Enter, or press ? or * to list all spells.
Aiming: Corona (safe; 6% risk of failure)
Press: ? - help, Shift-Dir - straight line, f - jackal
Aim: a jackal (chance to defeat MR: 63%)
The jackal is outlined in light.
The jackal barely misses you.
A bat comes into view.
You are too injured to fight recklessly!
You are too injured to fight recklessly!
You hit the jackal.
The jackal is heavily wounded.
The jackal misses you. The bat hits you but does no damage.
Unknown command.
You closely miss the jackal.
The jackal is heavily wounded.
The bat hits you.
* * * LOW HITPOINT WARNING * * *
The jackal barely misses you. The jackal bites you.
* * * LOW HITPOINT WARNING * * *
Huge Dmg: -15%(-4hp) hp: 35%(9hp)
You hit the jackal.
The jackal is severely wounded.
The bat hits you but does no damage. The jackal barely misses you.
Unknown command.
You hit the jackal but do no damage.
The jackal is severely wounded.
The jackal stops glowing.
The jackal misses you. The bat hits you but does no damage.
Unknown command.
You closely miss the jackal.
The jackal is severely wounded.
The bat hits you but does no damage. The jackal bites you.
* * * LOW HITPOINT WARNING * * *
The bat hits you but does no damage. The jackal bites you.
* * * LOW HITPOINT WARNING * * *
Huge Dmg: -19%(-5hp) hp: 20%(5hp)
Casting: Corona (safe; 6% risk of failure)
Confirm with . or Enter, or press ? or * to list all spells.
Aiming: Corona (safe; 6% risk of failure)
Press: ? - help, Shift-Dir - straight line, f/p - jackal
Aim: a jackal (severely wounded, chance to defeat MR: 63%)
The jackal is outlined in light.
The bat hits you but does no damage. x2
The jackal bites you.
* * * LOW HITPOINT WARNING * * *
Damage: -4%(-1hp) hp: 16%(4hp) Unknown command.
You closely miss the jackal.
The jackal is severely wounded.
The bat closely misses you. The bat hits you but does no damage.
The jackal closely misses you.
The jackal bites you but does no damage.
Unknown command.
You hit the jackal but do no damage.
The jackal is severely wounded.
The bat hits you.
* * * LOW HITPOINT WARNING * * *
The bat hits you.
* * * LOW HITPOINT WARNING * * *
The jackal bites you.
You die...

# #...................
#.##.....##...........
#........##.#........#
####.......#........†#
#######r#...#.##.......#
#.....#.......##........
#...#..............#
#.#h##....#........#
...#@# #....##.......
.... #b# #....##.......
.>..# #.# #......#......


.Shh #.###............. ... .................. #.###.............
#................. #####............. ##.#..>..#..#. You could see a jackal, a
bat and a rat.

Vanquished Creatures
  A giant cockroach (D:1)
  A hobgoblin (D:1)
  A jackal (D:1)
  A ball python (D:1)
  A bat (D:1)
  A frilled lizard (D:1)
  2 rats (D:1)
8 creatures vanquished.

Notes
Turn   | Place    | Note
-------+----------+-------------------------------------------
     0 | D:1      | dstrtnsr the Ogre Enchanter began the quest for the Orb.
     0 | D:1      | Reached XP level 1. HP: 16/16 MP: 3/3
   135 | D:1      | Reached skill level 1 in Short Blades
   243 | D:1      | Reached XP level 2. HP: 13/26 MP: 2/5
   246 | D:1      | HP: 9/26 [jackal (3)]
   250 | D:1      | HP: 4/26 [jackal (1)]
   252 | D:1      | Slain by a jackal

Vault maps used:
D:1:      arrival_zaba_pyramid, hangedman_decor_growths, st_stairs_5

Skill      XL: |  1 |
---------------+----+-----
Short Blades   | 1 |  1.0
Fighting       | |  0.8
Dodging        | |  1.7
Stealth        | |  2.1
Unarmed Combat | |  0.8
Spellcasting   | |  2.6
Hexes          | |  2.6

Action                   || total
-------------------------++-------
Melee: Dagger            ||    33
 Cast: Corona            ||     9
Armor: Robe              ||    20
Dodge: Dodged            ||    20

Table legend:
 A = Spawn XP
 B = Non-spawn XP
 C = Spawn XP percentage of total XP
 D = Spawn monster count
 E = Non-spawn monster count
 F = Spawn count percentage of total count
 G = Total turns spent on level
                    A         B        C        D         E        F      G
               +---------+---------+-------+---------+---------+-------+---------
         Total |       0 |      11 |   0.0 |       0 |       8 |   0.0 |   252
               +---------+---------+-------+---------+---------+-------+---------
           D:1 |       0 |      11 |   0.0 |       0 |       8 |   0.0 |   252
               +---------+---------+-------+---------+---------+-------+---------
